 Dungeon Crawl Stone Soup version 0.23-a0-484-g29ba69c (webtiles) character file.

51 mopl the Sneak (level 3, -7/20 HPs)
             Began as a Deep Elf Assassin on Nov 30, 2018.
             Killed from afar by Sigmund (10 damage)
             ... with a puff of flame
             ... on level 2 of the Dungeon.
             The game lasted 00:02:24 (1307 turns).

mopl the Sneak (Deep Elf Assassin)                  Turns: 1307, Time: 00:02:25

Health: -7/20      AC:  4    Str:  8    XL:     3   Next: 57%
Magic:  5/5        EV: 12    Int: 15    God:
Gold:   50         SH:  0    Dex: 17    Spells: 2/2 levels left

rFire    . . .     SeeInvis .   b - +0 blowgun
rCold    . . .     Gourm    .   (no shield)
rNeg     . . .     Faith    .   c - +0 robe
rPois    .         Spirit   .   i - +0 helmet
rElec    .         Reflect  .   d - +0 cloak
rCorr    .         Harm     .   (no gloves)
MR       .....                  (no boots)
Stlth    +++.......             (no amulet)
HPRegen  0.06/turn              (no ring)
MPRegen  0.09/turn              (no ring)

@: no status effects
A: no striking features
a: no special abilities


You were on level 2 of the Dungeon.
You were not hungry.

You visited 1 branch of the dungeon, and saw 2 of its levels.

You collected 50 gold pieces.

Inventory:

Hand Weapons
 a - a +2 dagger
 b - a +0 blowgun (weapon)
Missiles
 e - 15 poisoned needles (quivered)
 f - a curare-tipped needle
Armour
 c - a +0 robe (worn)
 d - a +0 cloak (worn)
 i - a +0 helmet (worn)
Jewellery
 m - an uncursed ring of fire
Scrolls
 h - a scroll of fear {unknown}
 k - a scroll of amnesia {unknown}
 l - a scroll of enchant armour {unknown}
 o - a scroll of enchant weapon {unknown}
Potions
 j - a potion of heal wounds {unknown}
Comestibles
 g - a ration
 n - 5 chunks of flesh


   Skills:
 - Level 1.5 Fighting
 + Level 2.6 Short Blades
 + Level 2.5 Throwing
 - Level 1.2 Dodging
 * Level 5.9 Stealth


You had 2 spell levels left.
You didn't know any spells.
Your spell library was empty.

Dungeon Overview and Level Annotations

Branches:
Dungeon (2/15)

Altars:

Annotations:
D:2 Sigmund


Message History

Press: ? - help, Shift-Dir - straight line, f/p - Sigmund
Aim: Sigmund, wielding a +0 scythe and wearing a cursed +0 robe (severely You shoot a poisoned needle.
The poisoned needle hits Sigmund.
Sigmund looks even sicker.
Sigmund is severely wounded.
Unknown command.
Firing (i - inventory. (/) - cycle)
e - 16 poisoned needles (quivered)
Press: ? - help, Shift-Dir - straight line, f/p - Sigmund
Aim: Sigmund, wielding a +0 scythe and wearing a cursed +0 robe (severely You shoot a poisoned needle.
The poisoned needle closely misses Sigmund.
Unknown command.
There is a stone staircase leading up, spattered with blood here.
Sigmund gestures wildly while chanting.
Sigmund flickers and vanishes!
Deactivating autopickup; reactivate with Ctrl-A.
A puff of flame appears from out of thin air!
The puff of flame hits you!
Ouch! That really hurt!
You die...

....####.#..#...........### #...
....#....#.##..####.#.#...## #...
......####.###.###..#......# #>..
.......[##.###.##).####.#..# #...
..<.###.....##...).........###...
###....###...###.<....#..........
.................###.......#####
#######........#.###...(##..##
#........@........###..#
#...................##.#
......<....(...#........#
.###...............##.####
#............##.##)...##
............###..####..##
..#...##...## #...# ##†.# ...#
##### ###.. ##.# ##. .#


There were no monsters in sight!

Vanquished Creatures
  2 adders (D:2)
  An ooze (D:1)
  2 leopard geckos (D:1)
  3 giant cockroaches
  5 goblins
  3 hobgoblins
  2 jackals (D:1)
  4 kobolds
  A bat (D:2)
  A frilled lizard (D:1)
  2 rats
26 creatures vanquished.

Notes
Turn   | Place    | Note
-------+----------+-------------------------------------------
     0 | D:1      | mopl the Deep Elf Assassin began the quest for the Orb.
     0 | D:1      | Reached XP level 1. HP: 12/12 MP: 3/3
    70 | D:1      | Reached skill level 5 in Stealth
   211 | D:1      | Reached XP level 2. HP: 15/16 MP: 4/4
   636 | D:2      | Reached XP level 3. HP: 17/20 MP: 5/5
   909 | D:2      | Noticed Sigmund
  1307 | D:2      | Killed from afar by Sigmund

Vault maps used:
D:1:      co_arrival_square_in_a_square_in_a_square
D:2:      grunt_temple_overflow_open, uniq_sigmund

Skill      XL: |  1 |
---------------+----+-----
Stealth        | 5 |  5.9
Fighting       | |  1.5
Short Blades   | |  2.6
Throwing       | |  2.5
Dodging        | |  1.2

Action                   || total
-------------------------++-------
Melee: Dagger            ||    84
 Fire: Blowgun           ||    23
 Stab: Sleeping          ||     6
  Eat: Chunk             ||     1
Armor: Robe              ||    23
Dodge: Dodged            ||    47

Table legend:
 A = Non-vault XP
 B = Vault XP
 C = Vault XP percentage of total XP
 D = Non-vault monster count
 E = Vault monster count
 F = Vault count percentage of total count
                 A         B        C        D         E       F
            +---------+---------+-------+---------+---------+-------
      Total |      73 |       0 |   0.0 |      26 |       0 |   0.0
            +---------+---------+-------+---------+---------+-------
        D:1 |      27 |       0 |   0.0 |      11 |       0 |   0.0
        D:2 |      46 |       0 |   0.0 |      15 |       0 |   0.0
            +---------+---------+-------+---------+---------+-------
